 Dungeon Crawl Stone Soup version 0.28-a0-500-g121bc3e445 (webtiles) character file.

Game seed: 12081572807813908859

903 Sabo the Cudgeller (level 8, -1/73 HPs)
             Began as a Gargoyle Berserker on Sept 20, 2021.
             Was a Believer of Trog.
             Slain by Maruxus's ghost (14 damage)
             ... on level 4 of the Dungeon.
             The game lasted 00:21:34 (4778 turns).

Sabo the Cudgeller (Gargoyle Berserker)             Turns: 4778, Time: 00:21:34

Health: -1/73      AC: 20    Str: 22    XL:     8   Next: 7%
Magic:  17/17      EV:  8    Int:  9    God:    Trog [**....]
Gold:   211        SH:  0    Dex:  9    Spells: 7/7 levels left

rFire   . . .      SeeInvis .   a - +0 mace
rCold   . . .      Faith    .   (no shield)
rNeg    + . .      Spirit   .   p - +0 chain mail
rPois   ∞          Reflect  .   (no helmet)
rElec   +          Harm     .   m - +0 cloak
rCorr   .          Rampage  .   (no gloves)
Will    .....                   o - +2 pair of boots
Stlth   ..........              b - amulet of regeneration
HPRegen 1.22/turn               A - ring of magical power
MPRegen 0.15/turn               (no ring)

@: berserking, very quick
A: sickness immunity, AC +5, negative energy resistance 1, electricity
resistance, torment resistance 1, petrification resistance
a: Renounce Religion, Berserk, Trog's Hand


You were on level 4 of the Dungeon.
You worshipped Trog.
Trog was pleased with you.
You visited 1 branch of the dungeon, and saw 4 of its levels.

You collected 211 gold pieces.

Inventory:

Hand Weapons
 a - a +0 mace (weapon)
 h - a +0 dagger of venom
 l - a +3 quarterstaff of chaos
 y - a +1 whip of electrocution
Missiles
 d - 23 arrows
 k - 68 poisoned darts (quivered)
 t - 8 boomerangs
 v - 17 sling bullets
Armour
 m - a +0 cloak (worn)
 o - a +2 pair of boots (worn)
 p - a +0 chain mail (worn)
Jewellery
 b - an amulet of regeneration (around neck)
 A - a ring of magical power (left hand)
Wands
 u - a wand of flame (17)
 x - a wand of polymorph (6)
Scrolls
 f - 2 scrolls of teleportation
 j - a scroll of enchant weapon
 n - a scroll of noise {unknown}
 q - a scroll of enchant armour
 r - a scroll of magic mapping {unknown}
Potions
 e - a potion of flight {unknown}
 i - 3 potions of lignification {unknown}
 s - 4 potions of attraction {unknown}
 w - a potion of brilliance {unknown}
 z - 2 potions of degeneration {unknown}
 B - a potion of heal wounds {unknown}


   Skills:
 + Level 5.3 Fighting
 + Level 6.5 Maces & Flails
 + Level 5.4 Armour
 + Level 2.7 Dodging
 + Level 1.1 Stealth
 + Level 0.5 Unarmed Combat


You had 7 spell levels left.
You didn't know any spells.
Your spell library was empty.

Dungeon Overview and Level Annotations

Branches:
Dungeon (4/15)
 Temple: D:4-7

Altars:
Kikubaaqudgha
Nemelex Xobeh
The Shining One

Annotations:
D:4 Maruxus's ghost, novice TrMo


Innate Abilities, Weirdness & Mutations

You are immune to sickness and miasma.
Your stone body is resilient. (AC +5)
You are immune to poison.
You resist negative energy. (rN+)
You are resistant to electric shocks. (rElec)
You are resistant to unholy torment.
You are immune to petrification.


Message History

The vampire bat bites you but does no damage.
The vampire bat barely misses you.
The vampire bat bites you but does no damage.
You closely miss the vampire bat.
The vampire bat is almost destroyed.
The vampire bat bites you but does no damage.
The vampire bat bites you but does no damage.
You hit the vampire bat.
You destroy the vampire bat!
Trog accepts your kill.
You see here a bat corpse.
There is an ancient bone altar of Kikubaaqudgha here.
You hit the plant.
The plant begins to die.
The plant is lightly damaged.
There is a fountain of clear blue water here.
A nearby plant withers and dies.
You see here a +0 scale mail.
As you read the scroll labelled GEBAMU YNOGH, it crumbles to dust.
It is a scroll of identify.
c - a scroll of amnesia You drop a scroll of amnesia.
As you read the scroll of identify, it crumbles to dust.
j - a scroll of enchant weapon
As you read the scroll of enchant armour, it crumbles to dust.
Your +1 pair of boots glows green for a moment.
You open the gate. Maruxus's ghost barely misses you.
Maruxus's ghost whispers, "There is no future for you."
You hit Maruxus's ghost but do no damage.
Maruxus's ghost hits you.
You closely miss Maruxus's ghost. Maruxus's ghost closely misses you.
You closely miss Maruxus's ghost. Maruxus's ghost hits you!
You hit Maruxus's ghost but do no damage.
Maruxus's ghost hits you!
You hit Maruxus's ghost but do no damage.
Maruxus's ghost hits you!
* * * LOW HITPOINT WARNING * * *
A red film seems to cover your vision as you go berserk!
You feel yourself moving faster!
You feel mighty! Maruxus's ghost hits you!
You die...

###.###..####<.###.###
##... #........# #.## #.#
#..##
#.#.###.#####..###.####
#..# #.#.#
#..##..#........######..##
#...#
##.##.......###..........#
###.#
#.##.###......#####.##...
#.## #.##.#
#.......####.##.## #..#
#.##.# ###Z.....#.>.##.##
###..# #.##.#
#@WY........###.# #....#
#..#.##..###'''###.....#
#..#.#
##.#....##.......##..###
##.####
#†##..##.........#..####
.....###
#..#..#.....!....##.....
..⌠....#
##...##....####...#...#.
.P....##
###.#...###($##..##....
_._._### ##.#..##.....
#..#..## ##.##..###
#..#..#...=$. #!.#..##


You could see an ice beast, Maruxus's ghost and a scorpion simulacrum.

Vanquished Creatures
  Pikel (D:4)
  Grinder (D:4)
  A vampire bat (D:4)
  Crazy Yiuf (D:2)
  Terence (D:3)
  An orc wizard (D:4)
  3 adders (D:3)
  A worm (D:2)
  3 dart slugs (D:1)
  3 orcs (D:4)
  5 endoplasms
  4 giant cockroaches
  6 goblins
  3 hobgoblins
  6 quokkas
  9 ball pythons
  13 bats
  7 frilled lizards
  6 kobolds
  3 rats
78 creatures vanquished.

Vanquished Creatures (others)
  A plant (D:4)
1 creature vanquished.

Grand Total: 79 creatures vanquished

Notes
Turn   | Place    | Note
-------+----------+-------------------------------------------
     0 | D:1      | Sabo the Gargoyle Berserker began the quest for the Orb.
     0 | D:1      | Reached XP level 1. HP: 14/14 MP: 1/1
   521 | D:1      | Reached XP level 2. HP: 9/19 MP: 2/2
  1169 | D:1      | Reached XP level 3. HP: 23/24 MP: 3/3
  1195 | D:1      | You fall into a shaft and drop 1 floor!
  1200 | D:2      | Reached ** piety under Trog
  1656 | D:2      | Found a runed translucent door.
  1657 | D:2      | Noticed Crazy Yiuf
  1670 | D:2      | Killed Crazy Yiuf
  1671 | D:2      | Reached XP level 4. HP: 29/29 MP: 4/4
  1740 | D:2      | Reached skill level 4 in Maces & Flails
  2931 | D:3      | Reached XP level 5. HP: 33/33 MP: 5/5
  3477 | D:3      | Noticed Terence
  3483 | D:3      | Killed Terence
  4011 | D:4      | Found a runed translucent gate.
  4011 | D:4      | Found a runed translucent gate.
  4011 | D:4      | Found a runed translucent gate.
  4136 | D:4      | Noticed Maruxus's ghost (novice TrMo)
  4137 | D:4      | Noticed an ice beast
  4207 | D:4      | Noticed Grinder
  4225 | D:4      | Killed Grinder
  4226 | D:4      | Reached skill level 5 in Maces & Flails
  4226 | D:4      | Reached XP level 6. HP: 30/39 MP: 6/6
  4242 | D:4      | Found a glowing golden altar of the Shining One.
  4247 | D:4      | Found a sparkling altar of Nemelex Xobeh.
  4248 | D:4      | Found an ancient bone altar of Kikubaaqudgha.
  4378 | D:4      | Noticed Pikel
  4390 | D:4      | Killed Pikel
  4391 | D:4      | Reached skill level 5 in Fighting
  4391 | D:4      | Reached skill level 6 in Maces & Flails
  4391 | D:4      | Reached skill level 5 in Armour
  4391 | D:4      | Reached skill level 1 in Stealth
  4391 | D:4      | Reached XP level 7. HP: 44/44 MP: 7/7
  4391 | D:4      | Reached XP level 8. HP: 49/49 MP: 8/8
  4778 | D:4      | Slain by Maruxus's ghost

Illustrated notes

Levels and vault maps discovered:
D:1:      onia_arrival_mini_spirals, layout_basic
D:2:      layout_basic, grunt_ministairs_15, uniq_crazy_yiuf_cottage
D:3:      layout_loops_corners, corexii_item_surrounded_by_moat,
          grunt_decor_mini_mirrors, kennysheep_potato, uniq_terence
D:4:      layout_rooms, gammafunk_temple_overflow_forgotten,
          gammafunk_ghost_icy, roderic_batcave, uniq_pikel, uniq_grinder

Skill      XL: |  1  2  3  4  5  6 |
---------------+-------------------+-----
Fighting       | 4 5 |  5.3
Maces & Flails | 4 5 6 |  6.5
Dodging        | 2 |  2.7
Armour         | 4 5 |  5.4
Stealth        | 1 |  1.1
Unarmed Combat | |  0.5

Action                   |  1- 3 |  4- 6 |  7- 9 || total
-------------------------+-------+-------+-------++-------
Melee: Mace              |    75 |   167 |    32 ||   274
       Unarmed           |       |     4 |       ||     4
Invok: Berserk           |       |     3 |     1 ||     4
  Use: Scroll            |       |     2 |     3 ||     5
Armor: Animal skin       |    26 |       |       ||    26
       Ring mail         |     7 |    63 |       ||    70
       Chain mail        |       |    18 |    44 ||    62
       Skin              |       |     2 |       ||     2
Dodge: Dodged            |    37 |   107 |    25 ||   169

Table legend: (Time is in decaauts)
 A = Elapsed time spent in this place.
 B = Non-inter-level travel time spent in this place.
 C = Inter-level travel time spent in this place.
 D = Time resting spent in this place.
 E = Time spent auto-exploring this place.
 F = Levels seen in this place.
 G = Mean time per level.
                   A        B        C        D        E       F      G
               +--------+--------+--------+--------+--------+-----+--------+
         Total |   4853 |   4853 |      0 |    821 |      0 |   4 | 1213.2 |
       Dungeon |   4853 |   4853 |      0 |    821 |      0 |   4 | 1213.2 |
               +--------+--------+--------+--------+--------+-----+--------+

Top non-repeatable levels by time:
     D:1: 1740 daAuts
     D:3: 1217 daAuts
     D:2: 1091 daAuts
     D:4: 804 daAuts
